 Dungeon Crawl Stone Soup version 0.24-a0-434-gd57e52fea8 (console) character file.

Game seed: 1423419020399795620

273 Lexodia the Insei (level 6, -1/47 HPs)
             Began as a Gnoll Transmuter on June 17, 2019.
             Slain by a river rat (7 damage)
             ... on level 6 of the Dungeon.
             The game lasted 00:05:09 (2190 turns).

Lexodia the Insei (Gnoll Transmuter)                Turns: 2190, Time: 00:05:10

Health: -1/47      AC:  3    Str: 12    XL:     6   Next: 23%
Magic:  13/13      EV: 15    Int: 18    God:
Gold:   113        SH:  2    Dex: 15    Spells: 9/15 levels left

rFire    . . .     SeeInvis .   l - +2 trident (vamp)
rCold    . . .     Gourm    .   (no shield)
rNeg     . . .     Faith    .   b - +1 robe
rPois    .         Spirit   .   (no helmet)
rElec    .         Reflect  +   (no cloak)
rCorr    .         Harm     .   (no gloves)
MR       +....                  (no boots)
Stlth    ++........             i - +2 amulet of reflection
HPRegen  0.15/turn              k - ring of protection from magic
MPRegen  0.13/turn              (no ring)

@: no status effects
A: distributed training, fangs 1, strong nose
a: no special abilities


You were on level 6 of the Dungeon.
You were hungry.

You visited 1 branch of the dungeon, and saw 6 of its levels.

You collected 113 gold pieces.

Inventory:

Hand Weapons
 l - a +2 vampiric trident (weapon)
Missiles
 a - 23 arrows
Armour
 b - a +1 robe (worn)
Jewellery
 i - a +2 amulet of reflection (around neck)
 k - a ring of protection from magic (left hand)
Wands
 h - a wand of paralysis (6)
Scrolls
 e - 3 scrolls of identify
 f - 2 scrolls of enchant armour
 g - a scroll of blinking {unknown}
 m - a scroll of teleportation {unknown}
 n - a scroll of amnesia {unknown}
 o - a scroll of magic mapping {unknown}
Potions
 c - 3 potions of curing
 j - a potion of lignification {unknown}
Comestibles
 d - 9 rations


   Skills:
 + Level 3.1 Fighting
 + Level 1.8 Short Blades
 + Level 1.8 Long Blades
 + Level 1.8 Axes
 + Level 1.8 Maces & Flails
 + Level 1.8 Polearms
 + Level 1.8 Staves
 + Level 1.8 Slings
 + Level 1.8 Bows
 + Level 1.8 Crossbows
 + Level 1.8 Throwing
 + Level 1.8 Armour
 + Level 4.9 Dodging
 + Level 1.8 Stealth
 + Level 1.8 Shields
 + Level 6.8 Unarmed Combat
 + Level 5.3 Spellcasting
 + Level 1.4 Conjurations
 + Level 1.4 Hexes
 + Level 1.4 Charms
 + Level 1.4 Summonings
 + Level 1.4 Necromancy
 + Level 1.4 Translocations
 + Level 4.0 Transmutations
 + Level 1.4 Fire Magic
 + Level 1.4 Ice Magic
 + Level 1.4 Air Magic
 + Level 1.4 Earth Magic
 + Level 1.4 Poison Magic
 + Level 2.0 Invocations
 + Level 1.8 Evocations


You had 9 spell levels left.
You knew the following spells:

 Your Spells              Type           Power        Failure   Level  Hunger
a - Beastly Appendage     Tmut           ###...       2%          1    None
b - Sticks to Snakes      Tmut           ###.....     3%          2    #......
c - Spider Form           Tmut/Pois      ##........   12%         3    ##.....

Your spell library contained the following spells:

 Spells                   Type           Power        Failure   Level  Hunger
 Ice Form                 Ice/Tmut       ##......     38%         4    ####...
 Blade Hands              Tmut           ###.......   56%         5    ######.


Dungeon Overview and Level Annotations

Branches:
Dungeon (6/15)
 Temple: D:4-7

Altars:
Ashenzari
Yredelemnul
Zin


Innate Abilities, Weirdness & Mutations

Your experience applies equally to all skills.
You have very sharp teeth.
Your uncanny sense of smell can sniff out nearby items.


Message History

You kill the rat!
You enter the shallow water.
Moving in this stuff is going to be slow.
Attack whom?
Press: ? - help, Dir - move target cursor, f - river rat
Aim: a river rat (resting)
You reach to attack!
The helpless river rat fails to defend itself.
You hit the river rat but do no damage.
Your unstable footing causes you to fumble your attack.
The river rat misses you.
Your unstable footing causes you to fumble your attack.
The river rat bites you. The river rat bites you!
* * * LOW HITPOINT WARNING * * *
Huge Dmg: -24%(-11hp) hp: 11%(5hp)
You closely miss the river rat. The river rat closely misses you.
You puncture the river rat!
The river rat is severely wounded.
The river rat bites you!
You die...

#.# #.# #.# #.# ##+# #.#
##...## #.#
##.....#######.######
#.......##..........# ∆
..............≈.@...##.
.........'.$≈≈≈r†.≈.....
.........#####≈#≈#≈≈.#..
#.......## ≈≈≈≈≈≈≈≈.#
##.....## #≈##########
##...## # ##'## #.# #.#


You could see a river rat.

Vanquished Creatures
  A centaur (D:5)
  A hound (D:6)
  A hound skeleton (D:4)
  2 adders
  A river rat (D:6)
  A worm (D:2)
  3 leopard geckos
  An orc (D:6)
  10 bats
  A giant cockroach (D:6)
  7 goblins
  2 hobgoblins (D:1)
  2 jackals (D:2)
  7 kobolds
  A ball python (D:2)
  5 frilled lizards
  A giant cockroach zombie (D:5)
  A jackal zombie (D:5)
  11 rats
59 creatures vanquished.

Vanquished Creatures (collateral kills)
  An ogre (D:6)
  A crimson imp (D:6)
  An adder (D:6)
  A hobgoblin (D:2)
  A jackal (D:6)
5 creatures vanquished.

Grand Total: 64 creatures vanquished

Notes
Turn   | Place    | Note
-------+----------+-------------------------------------------
     0 | D:1      | Lexodia the Gnoll Transmuter began the quest for the Orb.
     0 | D:1      | Reached XP level 1. HP: 17/17 MP: 6/6
    25 | D:1      | Huge Dmg: 4 dmg
   116 | D:1      | Reached XP level 2. HP: 22/23 MP: 7/7
   123 | D:1      | Learned a level 2 spell: Sticks to Snakes
   473 | D:1      | Reached XP level 3. HP: 28/28 MP: 9/9
   477 | D:1      | Reached skill level 5 in Spellcasting
  1027 | D:2      | Reached skill level 1 in Invocations
  1197 | D:2      | Found a basalt altar of Yredelemnul.
  1408 | D:2      | Found a shattered altar of Ashenzari.
  1487 | D:3      | Huge Dmg: 4 dmg
  1488 | D:3      | Huge Dmg: 4 dmg
  1490 | D:3      | Reached skill level 1 in Short Blades
  1490 | D:3      | Reached skill level 1 in Long Blades
  1490 | D:3      | Reached skill level 1 in Axes
  1490 | D:3      | Reached skill level 1 in Maces & Flails
  1490 | D:3      | Reached skill level 1 in Polearms
  1490 | D:3      | Reached skill level 1 in Staves
  1490 | D:3      | Reached skill level 1 in Slings
  1490 | D:3      | Reached skill level 1 in Bows
  1490 | D:3      | Reached skill level 1 in Crossbows
  1490 | D:3      | Reached skill level 1 in Throwing
  1490 | D:3      | Reached skill level 1 in Armour
  1490 | D:3      | Reached skill level 1 in Stealth
  1490 | D:3      | Reached skill level 1 in Shields
  1490 | D:3      | Reached skill level 1 in Evocations
  1490 | D:3      | Reached XP level 4. HP: 11/34 MP: 9/11
  1502 | D:3      | Huge Dmg: 2 dmg
  1507 | D:3      | Huge Dmg: 1 dmg
  1511 | D:3      | Huge Dmg: 1 dmg
  1515 | D:3      | Huge Dmg: 1 dmg
  1518 | D:3      | HP: 1/34 [poisoned by an adder]
  1519 | D:3      | Huge Dmg: 1 dmg
  1523 | D:3      | Huge Dmg: 1 dmg
  1840 | D:5      | Entered Level 5 of the Dungeon
  1859 | D:5      | Learned a level 3 spell: Spider Form
  1863 | D:5      | Found a glowing silver altar of Zin.
  1882 | D:5      | Noticed a centaur
  1887 | D:5      | Huge Dmg: 10 dmg
  1892 | D:5      | Killed a centaur
  1892 | D:5      | Reached skill level 1 in Conjurations
  1892 | D:5      | Reached skill level 1 in Hexes
  1892 | D:5      | Reached skill level 1 in Charms
  1892 | D:5      | Reached skill level 1 in Summonings
  1892 | D:5      | Reached skill level 1 in Necromancy
  1892 | D:5      | Reached skill level 1 in Translocations
  1892 | D:5      | Reached skill level 1 in Fire Magic
  1892 | D:5      | Reached skill level 1 in Ice Magic
  1892 | D:5      | Reached skill level 1 in Air Magic
  1892 | D:5      | Reached skill level 1 in Earth Magic
  1892 | D:5      | Reached skill level 1 in Poison Magic
  1892 | D:5      | Reached XP level 5. HP: 19/40 MP: 5/12
  2011 | D:6      | Noticed an ogre
  2065 | D:6      | Killed an ogre
  2075 | D:6      | Reached XP level 6. HP: 14/47 MP: 3/13
  2171 | D:6      | Huge Dmg: 9 dmg
  2188 | D:6      | Huge Dmg: 11 dmg
  2190 | D:6      | Slain by a river rat

Levels and vault maps discovered:
D:1:      minmay_arrival_jagged, layout_basic, serial_bayou_lake_a
D:2:      layout_loops_ring, nicolae_overflow_hidden_temple,
          yredelemnul_altar_generic
D:3:      layout_basic, old_standard_altar
D:4:      layout_loops_corners, lemuel_doored_altar, uniq_ijyb
D:5:      layout_cave_pools, kennysheep_little_box, first_ration,
          palyth_stone_intersect
D:6:      layout_loops_corners, lightli_sewer_entry_pipes, serial_bayou_pond_b

Skill      XL: |  1  2  3  4  5  6 |
---------------+-------------------+-----
Spellcasting   | 5 |  5.3
Invocations    | 1 2 |  2.0
Short Blades   | 1 |  1.8
Long Blades    | 1 |  1.8
Axes           | 1 |  1.8
Maces & Flails | 1 |  1.8
Polearms       | 1 |  1.8
Staves         | 1 |  1.8
Slings         | 1 |  1.8
Bows           | 1 |  1.8
Crossbows      | 1 |  1.8
Throwing       | 1 |  1.8
Armour         | 1 |  1.8
Stealth        | 1 |  1.8
Shields        | 1 |  1.8
Evocations     | 1 |  1.8
Conjurations   | 1 |  1.4
Hexes          | 1 |  1.4
Charms         | 1 |  1.4
Summonings     | 1 |  1.4
Necromancy     | 1 |  1.4
Translocations | 1 |  1.4
Fire Magic     | 1 |  1.4
Ice Magic      | 1 |  1.4
Air Magic      | 1 |  1.4
Earth Magic    | 1 |  1.4
Poison Magic   | 1 |  1.4
Fighting       | 3 |  3.1
Transmutations | 4 |  4.0
Dodging        | |  4.9
Unarmed Combat | |  6.8

Action                   |  1- 3 |  4- 6 || total
-------------------------+-------+-------++-------
Melee: Unarmed           |   130 |    19 ||   149
       Kick              |     8 |       ||     8
       Bite              |    12 |     3 ||    15
       Punch             |     2 |       ||     2
       Headbutt          |     1 |       ||     1
       Trident           |       |    34 ||    34
 Cast: Beastly Appendage |     7 |       ||     7
       Sticks to Snakes  |     1 |     5 ||     6
       Spider Form       |       |     2 ||     2
Evoke: Wand              |     1 |       ||     1
  Use: Scroll            |     3 |       ||     3
 Stab: Sleeping          |     6 |     4 ||    10
       Paralysed         |     2 |       ||     2
  Eat: Chunk             |     1 |     3 ||     4
Armor: Robe              |    21 |     9 ||    30
Dodge: Dodged            |    91 |    52 ||   143
Block: Other             |     4 |     7 ||    11
       Reflection        |       |     1 ||     1

Table legend:
 A = Non-vault XP
 B = Vault XP
 C = Vault XP percentage of total XP
 D = Non-vault monster count
 E = Vault monster count
 F = Vault count percentage of total count
                 A         B        C        D         E       F
            +---------+---------+-------+---------+---------+-------
      Total |     267 |     123 |  31.5 |      56 |       8 |  12.5
            +---------+---------+-------+---------+---------+-------
        D:1 |      42 |       0 |   0.0 |      27 |       0 |   0.0
        D:2 |      33 |       0 |   0.0 |      21 |       0 |   0.0
        D:3 |      15 |       0 |   0.0 |       2 |       0 |   0.0
        D:4 |      18 |       0 |   0.0 |       1 |       0 |   0.0
        D:5 |     114 |       0 |   0.0 |       3 |       0 |   0.0
        D:6 |      45 |     123 |  73.2 |       2 |       8 |  80.0
            +---------+---------+-------+---------+---------+-------
